 Dungeon Crawl Stone Soup version 0.31.0-12-g77e489cdc1 (webtiles) character file.

Game seed: 14915163213477090962

1771231 dvd2 the Hoplite (level 27, 149/224 HPs)
             Began as a Gnoll Brigand on Feb 27, 2024.
             Was the Champion of Cheibriados.
             Escaped with the Orb
             ... and 3 runes on Feb 28, 2024!
             The game lasted 04:40:49 (62666 turns).

dvd2 the Hoplite (Gnoll Brigand)                   Turns: 62666, Time: 04:40:49

Health: 149/224    AC: 37    Str: 35    XL:     27
Magic:  37/37      EV: 29    Int: 31    God:    Cheibriados [******]
Gold:   6796       SH: 27    Dex: 39    Spells: 12/65 levels left

rFire   + + .        c - +9 morningstar (vamp)
rCold   + + .        l - +5 kite shield {reflect}
rNeg    + + .        E - +2 gold dragon scales
rPois   +            t - +2 helmet {SInv}
rElec   +            T - +0 cloak {Will+}
rCorr   +            W - +1 pair of gloves of Hedging {rN+ Dex+3 Stlth+}
SInv    +            h - +2 pair of boots of Qyhuifoy {rCorr Dex+6}
Will    +++++        Q - amulet of the Four Winds {rN+ Will+++ Clar}
Stlth   ++           G - ring of Qeczutuco {rElec rF- rC+ Int+3 Dex+3}
HPRegen 0.57/turn    r - ring "Kocrid" {^Contam Fly rF++ Slay+3}
MPRegen 0.25/turn

%: reflection, clarity
@: flying, studying 4 skills, very slow
A: fangs 1, strong nose, distributed training, clarity, clumsy 1, dopey 1, low
MP 2
0: Orb of Zot
}: 3/15 runes: serpentine, barnacled, silver
a: Renounce Religion, Bend Time, Temporal Distortion, Slouch, Step From Time


You escaped.
You worshipped Cheibriados.
Cheibriados was exalted by your worship.
You visited 11 branches of the dungeon, and saw 51 of its levels.
You visited the Abyss 2 times.
You also visited: Ossuary, Bailey and Wizlab.

You collected 10152 gold pieces.
You spent 3356 gold pieces at shops.

Inventory:

Hand Weapons
 c - a +9 vampiric morningstar (weapon)
 v - a +9 broad axe of flaming
 F - the +3 flail of Vefong {vamp, Will+ Int+4}
   (You took it off a deep elf demonologist on level 5 of the Vaults)

   Int+4:     It affects your intelligence (+4).
   Will+:     It increases your willpower.
Missiles
 g - 15 silver javelins (quivered)
 q - 32 boomerangs
 s - 16 javelins
 O - 10 curare-tipped darts
Armour
 h - the +2 pair of boots of Qyhuifoy (worn) {rCorr Dex+6}
   (You acquired it in a bailey)

   Dex+6:     It affects your dexterity (+6).
   rCorr:     It protects you from acid and corrosion.
 l - a +5 kite shield of reflection (worn)
 o - the +0 tower shield "Gurphus" {rC+ Will+ Str+2 Stlth-}
   (You acquired it on level 1 of the Depths)

   Str+2:     It affects your strength (+2).
   rC+:       It protects you from cold.
   Will+:     It increases your willpower.
   Stlth-:    It makes you less stealthy.
 t - a +2 helmet of see invisible (worn)
 w - the +2 leather armour of Nuph {rPois MP+9 Int+6}
   (You found it on level 2 of the Snake Pit)

   Int+6:     It affects your intelligence (+6).
   rPois:     It protects you from poison MP+9: It affects your magic capacity
   (+9).
 E - +2 gold dragon scales (worn)
 T - a +0 cloak of willpower (worn)
 W - the +1 pair of gloves of Hedging (worn) {rN+ Dex+3 Stlth+}
   (You took it off Nikola on level 3 of the Elven Halls)

   Dex+3:     It affects your dexterity (+3).
   rN+:       It protects you from negative energy.
   Stlth+:    It makes you more stealthy.
 Z - the +3 helmet of Ronirch {*Corrode rN+ Str+2}
   (You found it on level 5 of the Vaults)

   Str+2:     It affects your strength (+2).
   rN+:       It protects you from negative energy.
   *Corrode:  It may corrode you when you take damage.
Jewellery
 a - the ring "Louch" {Wiz Will++ Str-4 Dex+5 Stlth+}
   (You took it off a deep elf elementalist on level 3 of the Elven Halls)

   [ring of wizardry]

   Wiz:       It improves your spell success rate.
   Str-4:     It affects your strength (-4).
   Dex+5:     It affects your dexterity (+5).
   Will++:    It greatly increases your willpower.
   Stlth+:    It makes you more stealthy.
 r - the ring "Kocrid" (right hand) {^Contam Fly rF++ Slay+3}
   (You took it off a merfolk impaler on level 4 of the Shoals)

   [ring of flight]

   Slay+3:    It affects your accuracy & damage with ranged weapons and melee
   (+3).
   rF++:      It greatly protects you from fire.
   Fly:       It grants you flight.
   ^Contam:   It causes magical contamination when unequipped.
 G - the ring of Qeczutuco (left hand) {rElec rF- rC+ Int+3 Dex+3}
   (You took it off a deep elf elementalist on level 3 of the Elven Halls)

   [ring of protection from cold]

   Int+3:     It affects your intelligence (+3).
   Dex+3:     It affects your dexterity (+3).
   rF-:       It makes you vulnerable to fire.
   rC+:       It protects you from cold.
   rElec:     It insulates you from electricity.
 P - the ring of the Tortoise {AC+8}
   (You took it off a deep elf demonologist on level 3 of the Elven Halls)

   [ring of protection]

   AC+8:      It affects your AC (+8).
 Q - the amulet of the Four Winds (around neck) {rN+ Will+++ Clar}
   (You found it on level 5 of the Vaults)

   [amulet of nothing]

   rN+:       It protects you from negative energy.
   Will+++:   It greatly increases your willpower.
   Clar:      It protects you from confusion, rage, mesmerisation and fear.
 S - an amulet of magic regeneration
Wands
 f - a wand of charming (56)
 u - a wand of polymorph (5)
 z - a wand of quicksilver (15)
 H - a wand of digging (16)
 L - a wand of mindburst (14)
 M - a wand of flame (111)
 R - a wand of roots (53)
Scrolls
 j - 6 scrolls of revelation
 k - 5 scrolls of blinking
 n - 14 scrolls of fog
 y - 11 scrolls of fear
 B - a scroll of amnesia
 C - 6 scrolls of poison
 D - 7 scrolls of enchant weapon
 U - 25 scrolls of teleportation
 V - 6 scrolls of summoning
Potions
 b - 3 potions of cancellation
 d - 2 potions of magic
 i - 5 potions of resistance
 m - 9 potions of heal wounds
 x - 3 potions of ambrosia
 I - 8 potions of brilliance
 J - 33 potions of curing
 K - 3 potions of might
 N - 2 potions of invisibility
 X - 5 potions of enlightenment
 Y - 3 potions of mutation
Miscellaneous
 e - a phial of floods
 p - a lightning rod (4/4)
 A - a phantom mirror


   Skills:
 + Level 19.9 Fighting
 + Level 19.9 Short Blades
 + Level 19.5 Long Blades
 + Level 19.5 Axes
 + Level 19.5 Maces & Flails
 + Level 19.5 Polearms
 + Level 23.0 Staves
 + Level 19.5 Ranged Weapons
 + Level 19.9 Throwing
 + Level 19.5 Armour
 + Level 19.6 Dodging
 + Level 24.0 Stealth
 + Level 25.2 Shields
 + Level 19.5 Unarmed Combat
 + Level 19.5 Spellcasting
 + Level 17.4 Conjurations
 + Level 16.6 Hexes
 + Level 16.6 Summonings
 + Level 16.6 Necromancy
 + Level 16.6 Translocations
 + Level 16.6 Fire Magic
 + Level 18.0 Ice Magic
 + Level 16.6 Air Magic
 + Level 16.6 Earth Magic
 + Level 16.6 Alchemy
 + Level 21.0 Invocations
 + Level 19.5 Evocations
 + Level 18.0 Shapeshifting


You had 12 spell levels left.
You knew the following spells:

 Your Spells              Type           Power      Damage    Failure   Level
a - Yara's Violent Unrav  Hex/Alch       46%        3d18      1%          5
b - Manifold Assault      Tloc           93%        N/A       1%          4
c - Ozocubu's Refrigerat  Ice            48%        4d18      4%          7
d - Airstrike             Air            46%        2d(7-23)  1%          4
e - Sublimation of Blood  Necr           93%        N/A       0%          2
f - Vhi's Electric Charg  Tloc/Air       100%       N/A       1%          4
g - Arcjolt               Conj/Air       47%        1d57      1%          5
h - Olgreb's Toxic Radia  Alch           93%        N/A       1%          4
i - Ignite Poison         Fire/Alch      93%        N/A       1%          4
j - Dispersal             Tloc           46%        N/A       1%          6
k - Apportation           Tloc           100%       N/A       0%          1
l - Irradiate             Conj/Alch      47%        3d27      1%          5
m - Blink                 Tloc           100%       N/A       0%          2

Your spell library contained the following spells:

 Spells                   Type           Power      Damage    Failure   Level
 Foxfire                  Conj/Fire      100%       2x1d9     0%          1
 Freeze                   Ice            100%       1d10      0%          1
 Magic Dart               Conj           100%       1d8       0%          1
 Necrotise                Necr           100%       1d9       0%          1
 Sandblast                Erth           100%       2d20      0%          1
 Shock                    Conj/Air       100%       1d9       0%          1
 Slow                     Hex            100%       N/A       0%          1
 Sting                    Conj/Alch      100%       1d9       0%          1
 Summon Small Mammal      Summ           100%       N/A       0%          1
 Call Imp                 Summ           100%       N/A       0%          2
 Cigotuvi's Dreadful Rot  Necr/Alch/Air  100%       N/A       0%          2
 Ensorcelled Hibernation  Hex/Ice        100%       N/A       0%          2
 Jinxbite                 Hex            100%       N/A       0%          2
 Lesser Beckoning         Tloc           100%       N/A       0%          2
 Mercury Vapours          Alch/Air       100%       N/A       0%          2
 Momentum Strike          Conj/Tloc      100%       3d10      0%          2
 Scorch                   Fire           100%       2d9       0%          2
 Static Discharge         Conj/Air       100%       3-8/arc   0%          2
 Call Canine Familiar     Summ           93%        N/A       1%          3
 Confusing Touch          Hex            93%        N/A       1%          3
 Frozen Ramparts          Ice            100%       1d16      1%          3
 Fugue of the Fallen      Necr           93%        N/A       1%          3
 Gell's Gravitas          Tloc           93%        N/A       1%          3
 Hailstorm                Conj/Ice       96%        3d15      1%          3
 Inner Flame              Hex/Fire       93%        N/A       1%          3
 Mephitic Cloud           Conj/Alch/Air  94%        N/A       1%          3
 Passwall                 Erth           93%        N/A       1%          3
 Sigil of Binding         Hex            93%        N/A       1%          3
 Stone Arrow              Conj/Erth      100%       3d13      1%          3
 Summon Ice Beast         Ice/Summ       95%        N/A       1%          3
 Swiftness                Air            93%        N/A       1%          3
 Teleport Other           Tloc           93%        N/A       1%          3
 Tukima's Dance           Hex            93%        N/A       1%          3
 Vampiric Draining        Necr           93%        2d12      1%          3
 Volatile Blastmotes      Fire/Tloc      100%       2d18      1%          3
 Anguish                  Hex/Necr       46%        N/A       1%          4
 Animate Armour           Summ/Erth      100%       N/A       1%          4
 Brom's Barrelling Bould  Conj/Erth      94%        2d10      1%          4
 Cause Fear               Hex            46%        N/A       1%          4
 Dimensional Bullseye     Hex/Tloc       46%        N/A       1%          4
 Dispel Undead            Necr           93%        3d29      1%          4
 Flame Wave               Conj/Fire      94%        2d20      1%          4
 Fulminant Prism          Conj/Alch      47%        3d20      1%          4
 Iskenderun's Mystic Bla  Conj/Tloc      94%        2d18      1%          4
 Leda's Liquefaction      Alch/Erth      46%        N/A       1%          4
 Martyr's Knell           Necr/Summ      93%        N/A       1%          4
 Passage of Golubria      Tloc           93%        N/A       1%          4
 Petrify                  Alch/Erth      93%        N/A       1%          4
 Sticky Flame             Fire/Alch      93%        2d14      1%          4
 Summon Blazeheart Golem  Fire/Summ      93%        N/A       1%          4
 Summon Lightning Spire   Summ/Air       93%        N/A       1%          4
 Alistair's Intoxication  Alch           62%        N/A       1%          5
 Curse of Agony           Necr           93%        N/A       1%          5
 Fireball                 Conj/Fire      47%        3d19      1%          5
 Freezing Cloud           Conj/Ice/Air   47%        6-21      1%          5
 Iskenderun's Battlesphe  Conj           95%        2d14      1%          5
 Lee's Rapid Deconstruct  Erth           46%        3d22*     1%          5
 Metabolic Englaciation   Hex/Ice        47%        N/A       1%          5
 Summon Forest            Summ/Tloc      46%        N/A       1%          5
 Summon Mana Viper        Hex/Summ       93%        N/A       1%          5
 Bombard                  Conj/Erth      47%        9d8       1%          6
 Death Channel            Necr           46%        N/A       1%          6
 Eringya's Noxious Bog    Alch           46%        4d6       1%          6
 Plasma Beam              Fire/Air       46%        2x1d61    1%          6
 Sculpt Simulacrum        Ice/Alch       47%        N/A       1%          6
 Starburst                Conj/Fire      47%        6d13      1%          6
 Summon Cactus Giant      Summ           46%        N/A       1%          6
 Spellforged Servitor     Conj/Summ      47%        N/A       8%          7
 Haunt                    Necr/Summ      46%        N/A       9%          7
 Summon Hydra             Summ           46%        N/A       9%          7
 Lehudib's Crystal Spear  Conj/Erth      47%        10d11     50%         8
 Borgnjor's Revivificati  Necr           46%        N/A       56%         8
 Discord                  Hex            46%        N/A       56%         8
 Disjunction              Tloc           46%        N/A       56%         8
 Ignition                 Fire           46%        3d13      56%         8
 Maxwell's Capacitive Co  Air            46%        ∞         56%         8
 Polar Vortex             Ice            48%        12d6*     99%         9
 Death's Door             Necr           46%        N/A       100%        9
 Dragon's Call            Summ           46%        N/A       100%        9
 Fire Storm               Conj/Fire      47%        8d12      100%        9


Dungeon Overview and Level Annotations

Branches:
Dungeon (15/15)            Temple (1/1) D:4            Lair (5/5) D:9
 Shoals (4/4) Lair:3        Snake (4/4) Lair:2        Slime (0/5) Lair:5
    Orc (2/2) D:10            Elf (3/3) Orc:2        Vaults (5/5) D:14
  Crypt (3/3) Vaults:3       Tomb (0/3) Crypt:3      Depths (4/4) D:15
    Zot (5/5) Depths:4    Ossuary (visited)          Bailey (visited)
 WizLab (visited)

Altars:
Ashenzari
Cheibriados
Dithmenos
Elyvilon
Fedhas
Gozag
Hepliaklqana
Kikubaaqudgha
Makhleb
Nemelex Xobeh
Okawaru
Qazlal
Ru
Sif Muna
Trog
Uskayaw
Vehumet
Wu Jian
Xom
Yredelemnul
Zin
The Shining One
Jiyva

Shops:
D:1 [(:   D:8 [   Orc:2 (([(   Elf:1 **   Elf:2 =   Shoals:2 [   Snake:4 =*
Vaults:2 (   Vaults:4 ([   Depths:1 =   Depths:2 :

Portals:
Hell: Depths:1 Depths:2 Depths:3 Depths:4
Abyss: Depths:3
Pandemonium: Depths:1 Depths:2
Ziggurat: Depths:1


Innate Abilities, Weirdness & Mutations

You have very sharp teeth.
Your uncanny sense of smell can sniff out nearby items.
Your experience applies equally to all skills.
You possess an exceptional clarity of mind.
You are clumsy. (Dex -2)
You are dopey. (Int -2)
Your magical capacity is very low. (-20% MP)


Message History

HP restored.
There is a stone staircase leading up here.
You fly upwards.
There is a stone staircase leading down here.
There is a stone staircase leading up here.
You fly upwards.
There is a stone staircase leading down here.
A sixfirhy comes into view.
You block the sixfirhy's attack. x3
You bludgeon the sixfirhy!!
The sixfirhy is almost dead.
You closely miss the sixfirhy.
The sixfirhy is almost dead.
You perforate the sixfirhy like a sieve!!!
You kill the sixfirhy!
Cheibriados thoroughly appreciates the change of pace.
A tormentor comes into view.
You block the tormentor's attack. x3; The tormentor closely misses you.
You puncture the tormentor!
The tormentor is heavily wounded.
The tormentor calls on the powers of darkness!
Your body is wracked with pain!
You miss the tormentor.
You bite the tormentor, but do no damage.
The tormentor is heavily wounded.
You block the tormentor's attack. The tormentor completely misses you.
You sock the tormentor!
The tormentor is severely wounded.
You block the tormentor's attack. The tormentor completely misses you.
You closely miss the tormentor.
You bite the tormentor, but do no damage.
The tormentor is severely wounded.
You block the tormentor's attack. x2
You bludgeon the tormentor!!
You kill the tormentor!
Cheibriados appreciates the change of pace.
You reach down and open the door.
There is an open door here.
There is a staircase leading out of the dungeon here.
You have escaped!

####≈~~.......................)..
...#≈≈≈~....####'####............
._.#≈≈≈~##.##PP#.#PP##...........
...#≈≈≈≈####P.P#.#~~P##....[#....
####≈≈≈####PP.P#.#~~~P##.......).
≈≈≈≈≈≈≈# #P....#.#~~~~P#.........
≈≈≈≈≈≈## #P....#.#~~~~P#......(..
≈≈~~~≈##########.#######.....#...
≈≈~..###.'......@......'.........
###..# #.#######.#######....#....
..#..###†#P~~~~#.#..P.P#...##....
#.#.†##..#P~~~~#.#...PP###..#....
#.......###P~~~#.#P.PP##.........
#.....(...##P~~#.#.PP##..##......
#..........##PP#.#PP########.....
#......##...####+#### #..........
#########...........###.#####....


There were no monsters in sight!

Vanquished Creatures
  7 dread liches
  Frederick (Crypt:3)
  An ancient lich (Zot:5)
  Mara (Depths:1)
  Khufu (Crypt:1)
  Mennas (Depths:4)
  5 orbs of fire
  Bai Suzhen (Vaults:2)
  Sojobo (Crypt:1)
  Vv (Depths:3)
  5 Killer Klowns (Zot:5)
  Vashnia (Snake:2)
  A Head Instructor (WizLab)
  9 golden dragons
  Nikola (Elf:3)
  A bone dragon (Depths:4)
  4 electric golems
  A shard shrike zombie (Crypt:3)
  A Tzitzimitl (Zot:5)
  A Brimstone Fiend (D:7)
  A hellephant (Abyss:2)
  18 tentacled monstrosities
  2 deep elf blademasters (Elf:3)
  23 Orb Guardians
  4 titans
  4 liches
  2 deep elf master archers (Elf:3)
  11 quicksilver dragons
  2 walking divine tomes
  4 sphinxes
  2 ancient champions
  An Executioner (Depths:4)
  Kirke (D:13)
  Gastronok (Lair:1)
  5 tentacled starspawn
  8 death cobs
  13 tengu reavers
  The ghost of nitefall the Bludgeoner, an adept MiBe of Trog (D:14)
  7 shadow dragons
  3 protean progenitors
  3 revenants
  16 nagarajas
  13 storm dragons
  A daeva (Shoals:4)
  2 draconian monks
  Donald (Snake:3)
  5 fire giants
  A ghost moth (Zot:1)
  5 draconian knights
  21 vault wardens
  A draconian scorcher (Zot:4)
  3 iron dragons
  3 deep elf sorcerers
  4 deep elf elementalists (Elf:3)
  8 frost giants
  A balrug (Zot:5)
  2 curse skulls
  2 draconian shifters
  A caustic shrike zombie (Crypt:2)
  4 ghouls
  2 spriggan defenders (Depths:4)
  6 draconian stormcallers
  6 orc warlords
  Louise (Shoals:2)
  21 ironbound preservers
  2 quicksilver oozes (Zot:4)
  An angel (Abyss:4)
  2 draconian annihilators
  5 vampire knights
  5 formless jellyfish
  A demonspawn corrupter (D:15)
  21 stone giants
  A caustic shrike skeleton (Crypt:3)
  7 ironbound thunderhulks
  A rockslime zombie (Crypt:2)
  18 very ugly things
  2 lorocyprocas
  5 green draconians
  13 deep elf death magi
  7 red draconians
  7 deep elf annihilators
  9 purple draconians
  10 deep elf demonologists
  2 dire elephants (Vaults:1)
  Azrael (D:12)
  5 black draconians
  6 war gargoyles
  10 yellow draconians
  8 white draconians
  3 spark wasps (Depths:4)
  A blizzard demon (D:10)
  4 eidola
  12 ettins
  14 merfolk impalers
  11 deep elf high priests
  A crystal guardian (Vaults:3)
  10 jiangshi
  6 merfolk javelineers
  An entropy weaver (Vaults:1)
  12 fire dragons
  16 yaktaur captains
  30 vault guards
  2 great orbs of eyes
  3 rakshasas
  2 salamander tyrants
  9 hydras
  8 ice dragons
  Erolcha (D:12)
  9 ogre magi
  A fenstrider witch zombie (Crypt:2)
  4 merfolk avatars
  2 peacekeepers
  9 spriggan air magi
  2 hell beasts
  3 merfolk aquamancers (Shoals:4)
  Erica (D:8)
  2 ghost crabs (Crypt:3)
  12 ironbound frosthearts
  A catoblepas (Lair:3)
  A spriggan skeleton (Depths:1)
  An Orb Guardian skeleton (Crypt:2)
  3 death knights
  3 boulder beetles
  3 satyrs
  8 vampire magi
  31 dancing weapons
  12 death yaks
  3 anacondas
  11 tengu warriors
  13 centaur warriors
  A shock serpent (shapeshifter) (Vaults:4)
  4 deep troll shamans
  9 deep troll earth magi
  8 naga sharpshooters
  5 occultists
  16 naga warriors
  4 spriggan berserkers
  22 two-headed ogres
  3 shock serpents
  The ghost of
  112233 the Martial Artist, a novice OpDe of Gozag (D:8)
  3 sun demons
  14 hell knights
  A titan zombie (Crypt:3)
  3 thrashing horrors (Abyss:4)
  Sonja (Lair:4)
  Urug (D:13)
  A soul eater (Crypt:1)
  2 wretched stars (Abyss:3)
  15 deep elf knights
  2 fire crabs (Lair:5)
  A goliath frog (Lair:5)
  2 shadow wraiths
  4 salamander mystics
  2 sixfirhies
  6 skysharks
  A mana viper (shapeshifter) (Vaults:5)
  A spark wasp zombie (Depths:1)
  22 skeletal warriors
  A titan skeleton (Crypt:3)
  10 iron trolls
  5 sea snakes
  7 flayed ghosts
  3 shadow demons
  5 glowing orange brains
  2 cherubim (Shoals:4)
  18 deep elf archers
  A golden dragon zombie (Depths:1)
  11 mana vipers
  2 bog bodies
  67 deep trolls
  A steelbarb worm (shapeshifter) (Depths:2)
  A naga ritualist (Snake:2)
  18 phantasmal warriors
  9 arcanists
  A fenstrider witch simulacrum (Crypt:2)
  Pikel (D:6)
  A harpy (shapeshifter) (D:15)
  16 ironbound convokers
  24 deep elf pyromancers
  26 deep elf zephyrmancers
  3 wolf spiders (Zot:5)
  13 lindwurms
  A bunyip skeleton (Crypt:2)
  A wolf spider zombie (Crypt:1)
  10 orc knights
  12 necromancers
  27 harpies
  12 manticores
  2 starcursed masses (Abyss:4)
  36 ugly things
  2 frost giant zombies (Vaults:1)
  4 oklob plants (Lair:4)
  7 orc sorcerers
  9 cyclopes
  A shadow dragon skeleton (Crypt:3)
  A cyclops (shapeshifter) (Depths:4)
  4 fauns (Shoals:2)
  10 salamanders
  3 large abominations
  A moth of wrath (shapeshifter) (Vaults:5)
  A shining eye (shapeshifter) (Vaults:5)
  A salamander (shapeshifter) (Vaults:5)
  12 moths of wrath
  6 meliai
  32 elephants
  An eleionoma skeleton (Crypt:1)
  A kobold blastminer (Orc:1)
  Joseph (D:10)
  4 guardian serpents
  16 vault sentinels
  3 water nymphs
  A black mamba (shapeshifter) (D:14)
  8 naga magi
  26 black mambas
  4 merfolk sirens
  A stone giant skeleton (Crypt:1)
  8 gargoyles
  A hellion (Depths:1)
  8 komodo dragons
  Maggie (D:7)
  A dire elephant skeleton (Crypt:3)
  An efreet (Abyss:3)
  A yaktaur zombie (Vaults:1)
  16 cane toads
  5 rime drakes
  A komodo dragon (shapeshifter) (Depths:3)
  An anaconda simulacrum (Crypt:1)
  3 tengu conjurers
  A tormentor (D:1)
  6 freezing wraiths
  A grey draconian zombie (Crypt:2)
  A sea snake zombie (Crypt:2)
  37 yaktaurs
  3 hellwings (Abyss:4)
  6 ancient zymes
  A queen bee (D:8)
  A tyrant leech (Lair:5)
  7 hornets
  3 trolls
  17 merfolk
  5 polar bears
  3 wind drakes
  A raiju (shapeshifter) (Elf:1)
  A merfolk zombie (Crypt:1)
  36 blink frogs
  2 glass eyes
  10 snapping turtles
  12 dream sheep
  3 raiju (Abyss:4)
  A culicivora (shapeshifter) (Vaults:5)
  A jumping spider (shapeshifter) (Vaults:5)
  34 slime creatures
  2 air elementals
  An ettin skeleton (Crypt:3)
  6 spriggans
  A spriggan (shapeshifter) (D:13)
  3 shadows (Crypt:3)
  14 wraiths
  5 vampires (Crypt:3)
  2 ynoxinuls
  4 fire dragon skeletons (Crypt:3)
  3 wyverns
  7 water elementals
  39 yaks
  10 fire elementals
  6 hogs (D:13)
  A yak (shapeshifter) (Vaults:5)
  7 basilisks
  A human (shapeshifter) (D:15)
  11 wargs
  Grum (D:9)
  A neqoxec (D:11)
  A redback simulacrum (D:15)
  Menkaure (D:5)
  6 vampire mosquitoes
  A water nymph zombie (Crypt:1)
  2 chaos spawn
  31 nagas
  4 acid dragons
  A demonspawn zombie (Crypt:2)
  17 water moccasins
  A naga skeleton (Crypt:3)
  A glowing shapeshifter skeleton (Depths:1)
  5 ice beasts
  35 orc warriors
  A cane toad skeleton (Crypt:1)
  A sky beast (D:7)
  3 black bears
  29 laughing skulls
  2 centaurs
  16 ogres
  22 wolves
  A rime drake zombie (Crypt:2)
  2 phantoms
  5 elf zombies (Ossuary)
  2 scorpions
  A necrophage (Crypt:2)
  23 bullfrogs
  A gnoll sergeant (D:7)
  4 earth elementals
  3 small abominations
  7 wights
  A burial acolyte (Ossuary)
  A cyclops skeleton (Crypt:1)
  A queen bee zombie (Crypt:2)
  19 killer bees
  3 howler monkeys (D:12)
  2 electric eels
  3 lava snakes (Lair:2)
  A quasit (Abyss:2)
  2 centaur zombies
  3 human zombies
  5 jellies
  A bullfrog skeleton (Crypt:2)
  A hound (D:7)
  A gnoll bouda (D:4)
  9 orc priests
  Crazy Yiuf (D:3)
  6 iguanas
  A basilisk skeleton (Crypt:2)
  A sleepcap (D:7)
  34 orc wizards
  A crocodile zombie (Ossuary)
  4 hound zombies
  6 mummies
  20 gnolls
  5 adders
  3 shadow imps
  3 white imps
  4 adder zombies (Ossuary)
  2 ribbon worms
  4 dart slugs
  103 orcs
  9 ball pythons
  7 bats
  9 endoplasms
  6 giant cockroaches
  19 hobgoblins
  4 jackals (D:1)
  3 quokkas
  A river rat zombie (Crypt:1)
  3 ball python zombies (Ossuary)
  A dart slug zombie (Crypt:1)
  4 frilled lizards
  22 goblins
  9 jackal zombies (Ossuary)
  7 kobolds
  2 kobold zombies (Ossuary)
  4 rats
  A lurking horror (Abyss:2)
2339 creatures vanquished.

Vanquished Creatures (collateral kills)
  A two-headed ogre (D:12)
  A deep elf pyromancer (Elf:1)
  A salamander (Snake:2)
  2 naga magi
  A yaktaur (Vaults:1)
  A naga (Snake:4)
  2 orcs
9 creatures vanquished.

Vanquished Creatures (others)
  A golden dragon (Vaults:5)
  A draconian stormcaller (Zot:2)
  A green draconian (Zot:2)
  2 merfolk aquamancers (Shoals:4)
  A deep elf knight (Elf:3)
  A deep elf archer (Elf:3)
  A deep elf pyromancer (Vaults:5)
  2 deep elf zephyrmancers
  An ugly thing (Vaults:5)
  7 dancing weapons
  A spriggan (Depths:4)
  An orc (Elf:2)
  318 foxfires
  10 starspawn tentacles
348 creatures vanquished.

Grand Total: 2696 creatures vanquished

Notes
Turn   | Place    | Note
-------+----------+-------------------------------------------
     0 | D:1      | dvd2 the Gnoll Brigand began the quest for the Orb.
     0 | D:1      | Reached XP level 1. HP: 20/20 MP: 1/1
    88 | D:1      | Reached XP level 2. HP: 26/26 MP: 2/2
   150 | D:1      | Found Ytzan's Book Shop.
   198 | D:1      | Found Vuefropn's Antique Weapon Shoppe.
   208 | D:1      | Reached XP level 3. HP: 31/31 MP: 3/3
   278 | D:1      | Learned a level 1 spell: Shock
   341 | D:1      | Found a faded altar of an unknown god.
   358 | D:1      | Reached skill level 1 in Invocations
   502 | D:1      | Found Yseram Soloo's Armour Shop.
   627 | D:2      | Reached skill level 1 in Long Blades
   627 | D:2      | Reached skill level 1 in Axes
   627 | D:2      | Reached skill level 1 in Maces & Flails
   627 | D:2      | Reached skill level 1 in Polearms
   627 | D:2      | Reached skill level 1 in Staves
   627 | D:2      | Reached skill level 1 in Ranged Weapons
   627 | D:2      | Reached skill level 1 in Armour
   627 | D:2      | Reached skill level 1 in Shields
   627 | D:2      | Reached skill level 1 in Unarmed Combat
   627 | D:2      | Reached skill level 1 in Spellcasting
   627 | D:2      | Reached skill level 1 in Evocations
   794 | D:2      | Reached skill level 1 in Shapeshifting
   794 | D:2      | Reached XP level 4. HP: 37/38 MP: 2/5
  1333 | D:2      | Reached skill level 1 in Conjurations
  1333 | D:2      | Reached skill level 1 in Hexes
  1333 | D:2      | Reached skill level 1 in Summonings
  1333 | D:2      | Reached skill level 1 in Necromancy
  1333 | D:2      | Reached skill level 1 in Translocations
  1333 | D:2      | Reached skill level 1 in Fire Magic
  1333 | D:2      | Reached skill level 1 in Ice Magic
  1333 | D:2      | Reached skill level 1 in Air Magic
  1333 | D:2      | Reached skill level 1 in Earth Magic
  1333 | D:2      | Reached skill level 1 in Alchemy
  1884 | D:3      | Found a shimmering blue altar of Sif Muna.
  1917 | D:3      | Reached XP level 5. HP: 27/43 MP: 7/7
  2313 | D:3      | Reached XP level 6. HP: 20/50 MP: 6/8
  2439 | D:3      | Found an iron altar of Okawaru.
  2493 | D:3      | Found a broken altar of Ashenzari.
  2589 | D:3      | Found a radiant altar of Vehumet.
  2889 | D:3      | Found a runed translucent door.
  2890 | D:3      | Noticed Crazy Yiuf
  3014 | D:4      | Reached skill level 5 in Fighting
  3014 | D:4      | Reached skill level 5 in Short Blades
  3014 | D:4      | Reached skill level 5 in Throwing
  3014 | D:4      | Reached skill level 2 in Shields
  3167 | D:4      | Found an opulent altar of Gozag.
  3674 | D:4      | Learned a level 1 spell: Foxfire
  3733 | D:4      | Found a staircase to the Ecumenical Temple.
  3742 | Temple   | Entered the Ecumenical Temple
  3748 | Temple   | Became a worshipper of Cheibriados the Contemplative
  3924 | D:4      | Noticed a black bear
  3931 | D:4      | Killed a black bear
  3932 | D:4      | Reached XP level 7. HP: 56/56 MP: 5/10
  4218 | D:5      | Entered Level 5 of the Dungeon
  4434 | D:5      | Noticed Menkaure
  4443 | D:5      | Killed Menkaure
  4590 | D:5      | Noticed a gargoyle
  4817 | D:4      | Reached skill level 3 in Shields
  4832 | D:4      | Reached XP level 8. HP: 35/63 MP: 12/12
  5134 | D:6      | Reached * piety under Cheibriados
  5380 | D:6      | Found a hide-covered altar of Uskayaw.
  5473 | D:6      | Learned a level 2 spell: Jinxbite
  5478 | D:6      | Learned a level 4 spell: Airstrike
  5564 | D:6      | Reached skill level 4 in Shields
  5710 | D:6      | Found an ornate altar of the Wu Jian Council.
  5711 | D:6      | Noticed Pikel
  5728 | D:6      | Killed Pikel
  5729 | D:6      | Reached skill level 5 in Dodging
  5729 | D:6      | Reached skill level 5 in Shields
  5729 | D:6      | Reached XP level 9. HP: 60/69 MP: 13/15
  6016 | D:6      | You fall into a shaft and drop 2 floors!
  6028 | D:8      | Noticed a death knight
  6038 | D:7      | Noticed Maggie
  6052 | D:7      | Killed Maggie
  6053 | D:7      | Reached skill level 5 in Invocations
  6127 | D:7      | Reached ** piety under Cheibriados
  6154 | D:7      | Found a sand-covered staircase.
  6161 | Ossuary  | Entered an ossuary
  6281 | Ossuary  | Reached skill level 6 in Shields
  6551 | Ossuary  | Reached skill level 5 in Long Blades
  6551 | Ossuary  | Reached skill level 5 in Axes
  6551 | Ossuary  | Reached skill level 5 in Maces & Flails
  6551 | Ossuary  | Reached skill level 5 in Polearms
  6551 | Ossuary  | Reached skill level 5 in Staves
  6551 | Ossuary  | Reached skill level 5 in Ranged Weapons
  6551 | Ossuary  | Reached skill level 5 in Armour
  6551 | Ossuary  | Reached skill level 5 in Unarmed Combat
  6551 | Ossuary  | Reached skill level 5 in Spellcasting
  6551 | Ossuary  | Reached skill level 5 in Evocations
  6551 | Ossuary  | Reached XP level 10. HP: 75/77 MP: 17/17
  6772 | D:6      | Found a bloodstained altar of Trog.
  7061 | D:7      | Learned a level 3 spell: Tukima's Dance
  7066 | D:7      | Learned a level 4 spell: Vhi's Electric Charge
  7087 | D:7      | Reached *** piety under Cheibriados
  7394 | D:7      | Found a glowing golden altar of the Shining One.
  7394 | D:7      | Noticed a two-headed ogre
  7402 | D:7      | Killed a two-headed ogre
  7403 | D:7      | Reached skill level 7 in Shields
  7527 | D:8      | Reached skill level 5 in Shapeshifting
  7681 | D:8      | Noticed a gargoyle
  7685 | D:8      | Killed a gargoyle
  7910 | D:8      | Identified the ring of the Saviour {*Slow rN+ Int+6 Slay+2}
  7921 | D:8      | Killed a death knight
  8118 | D:8      | Found a shadowy altar of Dithmenos.
  8157 | D:8      | Noticed Erica
  8160 | D:8      | Killed Erica
  8161 | D:8      | Reached skill level 10 in Stealth
  8161 | D:8      | Reached skill level 8 in Shields
  8161 | D:8      | Reached skill level 5 in Conjurations
  8161 | D:8      | Reached skill level 5 in Hexes
  8161 | D:8      | Reached skill level 5 in Summonings
  8161 | D:8      | Reached skill level 5 in Necromancy
  8161 | D:8      | Reached skill level 5 in Translocations
  8161 | D:8      | Reached skill level 5 in Fire Magic
  8161 | D:8      | Reached skill level 5 in Ice Magic
  8161 | D:8      | Reached skill level 5 in Air Magic
  8161 | D:8      | Reached skill level 5 in Earth Magic
  8161 | D:8      | Reached skill level 5 in Alchemy
  8161 | D:8      | Reached XP level 11. HP: 85/85 MP: 18/20
  8177 | D:8      | Noticed a boulder beetle
  8228 | D:8      | Killed a boulder beetle
  8526 | D:5      | Found a glowing silver altar of Zin.
  8554 | D:5      | Reached **** piety under Cheibriados
  8566 | D:5      | Noticed a two-headed ogre
  8580 | D:5      | Killed a two-headed ogre
  9003 | D:8      | Noticed a deep elf pyromancer
  9025 | D:8      | Killed a deep elf pyromancer
  9260 | D:8      | Found Wyfops's Antique Armour Emporium.
  9265 | D:8      | Bought a glowing helmet for 217 gold pieces
  9325 | D:8      | Found a transporter.
  9329 | D:8      | Found a transporter.
  9329 | D:8      | Noticed 112233's ghost (novice OpDe)
  9428 | D:9      | Found a staircase to the Lair.
  9441 | D:9      | Reached skill level 9 in Shields
  9493 | D:9      | Found a flagged portal.
  9513 | Bailey   | Entered a bailey
  9644 | Bailey   | Learned a level 5 spell: Arcjolt
  9666 | Bailey   | Reached ***** piety under Cheibriados
  9837 | Bailey   | Noticed an orc warlord
  9855 | Bailey   | Killed an orc warlord
  9988 | Bailey   | Acquired the +2 pair of boots of Qyhuifoy {rCorr Dex+6}
 10033 | D:9      | Noticed Grum
 10035 | D:9      | Reached XP level 12. HP: 94/94 MP: 12/22
 10041 | D:9      | Killed Grum
 10235 | D:9      | Found a sacrificial altar of Ru.
 10378 | D:9      | Noticed a two-headed ogre
 10383 | D:9      | Killed a two-headed ogre
 10545 | D:10     | Entered Level 10 of the Dungeon
 10578 | D:10     | Reached skill level 10 in Shields
 10649 | D:10     | Found a staircase to the Orcish Mines.
 10685 | D:10     | Noticed Joseph
 10704 | D:10     | Killed Joseph
 10884 | D:10     | Identified the +0 ring mail "Enaterae" {rPois rF+ rCorr
                  | Int-3}
 10900 | D:10     | Learned a level 4 spell: Olgreb's Toxic Radiance
 11003 | D:10     | Reached ****** piety under Cheibriados
 11265 | D:10     | Found a sparkling altar of Nemelex Xobeh.
 11567 | D:3      | Killed Crazy Yiuf
 11802 | D:8      | Killed 112233's ghost
 12160 | D:11     | Noticed a two-headed ogre
 12166 | D:11     | Killed a two-headed ogre
 12746 | D:10     | Found a burning altar of Makhleb.
 12872 | Lair:1   | Entered Level 1 of the Lair of Beasts
 12994 | Lair:1   | Reached skill level 11 in Shields
 13192 | Lair:1   | Reached XP level 13. HP: 101/101 MP: 25/25
 13318 | Lair:1   | Noticed Gastronok
 13333 | Lair:1   | Killed Gastronok
 14455 | Lair:2   | Reached skill level 10 in Fighting
 14455 | Lair:2   | Reached skill level 10 in Short Blades
 14455 | Lair:2   | Reached skill level 10 in Throwing
 14612 | Lair:2   | Found a staircase to the Snake Pit.
 14619 | Lair:2   | Reached skill level 12 in Shields
 15395 | Lair:3   | Identified the +0 chain mail "Fimimm" {Stlth+}
 15414 | Lair:3   | Reached XP level 14. HP: 110/110 MP: 19/27
 15507 | Lair:3   | Reached skill level 10 in Invocations
 15667 | Lair:3   | Found a staircase to the Shoals.
 15917 | Lair:4   | Noticed Sonja
 15920 | Lair:4   | Killed Sonja
 16137 | Lair:4   | Learned a level 5 spell: Yara's Violent Unravelling
 16188 | Lair:4   | Reached skill level 10 in Dodging
 16214 | Lair:4   | Reached skill level 13 in Shields
 17095 | Lair:5   | Entered Level 5 of the Lair of Beasts
 17170 | Lair:5   | Reached skill level 10 in Long Blades
 17170 | Lair:5   | Reached skill level 10 in Axes
 17170 | Lair:5   | Reached skill level 10 in Maces & Flails
 17170 | Lair:5   | Reached skill level 10 in Polearms
 17170 | Lair:5   | Reached skill level 10 in Staves
 17170 | Lair:5   | Reached skill level 10 in Ranged Weapons
 17170 | Lair:5   | Reached skill level 10 in Armour
 17170 | Lair:5   | Reached skill level 10 in Unarmed Combat
 17170 | Lair:5   | Reached skill level 10 in Spellcasting
 17170 | Lair:5   | Reached skill level 10 in Evocations
 17358 | Lair:5   | Reached XP level 15. HP: 85/118 MP: 16/29
 17821 | Lair:5   | Found a staircase to the Slime Pits.
 17822 | Lair:5   | Found a viscous altar of Jiyva.
 17851 | Lair:5   | Reached skill level 14 in Shields
 18376 | Lair:5   | Got the Anthology of the Mortuary and Spellbinding
 18382 | Lair:5   | Identified the +5 chain mail of the Thinker {rElec rF+++
                  | rC- Str-5}
 18690 | Orc:1    | Entered Level 1 of the Orcish Mines
 18792 | Orc:2    | Entered Level 2 of the Orcish Mines
 18916 | Orc:2    | Found a burning altar of Makhleb.
 19186 | Orc:2    | Found a staircase to the Elven Halls.
 19196 | Orc:2    | Found Quvavubu's Weapon Boutique.
 19322 | Orc:2    | Found Dionil's Weapon Shoppe.
 19364 | Orc:2    | Found Mufaex's Armour Emporium.
 19379 | Orc:2    | Bought a +2 pair of gloves for 231 gold pieces
 19412 | Orc:2    | Reached skill level 10 in Shapeshifting
 19531 | Orc:2    | Found Pippeduu's Antique Weapon Emporium.
 19541 | Orc:2    | Bought a twisted battleaxe for 345 gold pieces
 19541 | Orc:2    | Identified the +9 battleaxe "Jesteumm" {pain, rElec SInv}
                  | (You bought it in a shop on level 2 of the Orcish Mines)
 19972 | D:11     | Reached XP level 16. HP: 116/127 MP: 15/30
 20199 | D:12     | Noticed Azrael
 20209 | D:12     | Killed Azrael
 20649 | D:12     | Identified the +11 chain mail "Nuij" {Dex+4}
 20732 | D:12     | Noticed Erolcha
 20738 | D:12     | Killed Erolcha
 20918 | D:13     | Noticed Kirke
 20920 | D:13     | Noticed a sphinx
 20926 | D:13     | Reached skill level 15 in Shields
 20927 | D:13     | Noticed Urug
 20928 | D:13     | Killed Kirke
 20933 | D:13     | Killed Urug
 21892 | D:14     | Found a runed translucent gate.
 21893 | D:14     | Found a runed translucent gate.
 21893 | D:14     | Identified the +9 chain mail of Nelu {Int+3}
 21930 | D:14     | Found a runed translucent gate.
 21931 | D:14     | Noticed nitefall's ghost (adept MiBe)
 22063 | D:14     | Paralysed by an ogre mage for 3 turns
 22115 | D:14     | Found a gate to the Vaults.
 22179 | D:14     | Found a glowing silver altar of Zin.
 22980 | D:14     | Killed nitefall's ghost
 23140 | D:15     | Entered Level 15 of the Dungeon
 23259 | D:15     | Reached XP level 17. HP: 132/135 MP: 18/32
 23491 | D:15     | Reached skill level 16 in Shields
 23598 | D:15     | Found a staircase to the Depths.
 23795 | D:15     | Learned a level 4 spell: Ignite Poison
 24099 | Snake:1  | Entered Level 1 of the Snake Pit
 24205 | Snake:1  | Reached skill level 10 in Conjurations
 24205 | Snake:1  | Reached skill level 10 in Hexes
 24205 | Snake:1  | Reached skill level 10 in Summonings
 24205 | Snake:1  | Reached skill level 10 in Necromancy
 24205 | Snake:1  | Reached skill level 10 in Translocations
 24205 | Snake:1  | Reached skill level 10 in Fire Magic
 24205 | Snake:1  | Reached skill level 10 in Ice Magic
 24205 | Snake:1  | Reached skill level 10 in Air Magic
 24205 | Snake:1  | Reached skill level 10 in Earth Magic
 24205 | Snake:1  | Reached skill level 10 in Alchemy
 25180 | Snake:2  | Noticed Vashnia
 25208 | Snake:2  | Killed Vashnia
 26426 | Snake:2  | Identified the +2 leather armour of Nuph {rPois MP+9 Int+6}
 26626 | Snake:2  | Learned a level 6 spell: Dispersal
 27003 | Snake:3  | Noticed Donald
 27013 | Snake:3  | Killed Donald
 27307 | Snake:4  | Entered Level 4 of the Snake Pit
 27337 | Snake:4  | Found Eshruuczo's Mass Market.
 27531 | Snake:4  | Found Jidus's Jewellery Boutique.
 27539 | Snake:4  | Bought the ring of Boesh {rF+ MP+9} for 578 gold pieces
 27992 | Snake:4  | Reached XP level 18. HP: 136/143 MP: 27/34
 28070 | Snake:4  | Reached skill level 17 in Shields
 28381 | Snake:4  | Got a serpentine rune of Zot
 29093 | Shoals:1 | Entered Level 1 of the Shoals
 29098 | Lair:3   | Learned a level 1 spell: Apportation
 30054 | Shoals:2 | Found Moocsi's Armour Shoppe.
 30064 | Shoals:2 | Bought the +1 chain mail of Fiukorira {rElec rPois} for 443
                  | gold pieces
 30075 | Shoals:2 | Noticed Louise
 30088 | Shoals:2 | Killed Louise
 30248 | Shoals:2 | Noticed a titan
 30279 | Shoals:2 | Killed a titan
 30876 | Shoals:3 | Reached skill level 15 in Stealth
 31418 | Shoals:4 | Entered Level 4 of the Shoals
 31780 | Shoals:4 | Reached XP level 19. HP: 45/151 MP: 36/36
 31780 | Shoals:4 | Found a white marble altar of Elyvilon.
 32029 | Shoals:4 | Got a barnacled rune of Zot
 32124 | Shoals:4 | Identified the ring "Kocrid" {^Contam Fly rF++ Slay+3}
 32168 | Shoals:4 | Reached skill level 18 in Shields
 32263 | Shoals:4 | Found a glowing golden altar of the Shining One.
 32401 | Shoals:4 | Identified the +1 pair of boots of the Buccaneer {rElec
                  | rPois rN+ Str-2 Dex+3}
 32496 | Shoals:4 | Found a glowing silver altar of Zin.
 32970 | Elf:1    | Entered Level 1 of the Elven Halls
 33288 | Elf:1    | Found Xazuneg's Assorted Antiques.
 33296 | Elf:1    | Bought a flickering garnet amulet for 180 gold pieces
 33296 | Elf:1    | Identified the amulet "Koarisme" {Faith rN+ MP+9} (You
                  | bought it in a shop on level 1 of the Elven Halls)
 33309 | Elf:1    | Bought a slimy war axe for 306 gold pieces
 33309 | Elf:1    | Identified the +1 war axe of Heziad {freeze, Int+3 SInv}
                  | (You bought it in a shop on level 1 of the Elven Halls)
 33394 | Elf:1    | Found Okomel's General Store.
 33885 | Elf:2    | Found Xiaqod's Jewellery Emporium.
 34009 | Elf:2    | Noticed an Ice Fiend
 34016 | Abyss:2  | Cast into level 2 of the Abyss (a deep elf demonologist)
 34163 | Abyss:2  | Noticed a hellephant
 34173 | Abyss:2  | Killed a hellephant
 34309 | Abyss:3  | Noticed a Hell Sentinel
 34316 | Abyss:3  | Found a corrupted altar of Lugonu.
 34427 | Abyss:3  | Reached skill level 15 in Invocations
 34657 | Abyss:3  | Noticed a tentacled monstrosity
 34665 | Elf:2    | Escaped the Abyss
 34700 | Elf:2    | Found a runed translucent gate.
 34700 | Elf:2    | Found a runed translucent gate.
 34700 | Elf:2    | Found a runed translucent gate.
 34700 | Elf:2    | Found a runed translucent gate.
 34700 | Elf:2    | Found a runed translucent gate.
 34702 | Elf:2    | Found a runed translucent gate.
 34911 | Elf:2    | Found a runed translucent gate.
 34912 | Elf:2    | Found a runed translucent gate.
 34912 | Elf:2    | Found a runed translucent gate.
 34934 | Elf:2    | Reached XP level 20. HP: 160/160 MP: 35/37
 35208 | Elf:2    | Reached skill level 19 in Shields
 35815 | Elf:3    | Entered Level 3 of the Elven Halls
 35828 | Elf:3    | Identified the +8 chain mail of the Watchman {Str+4 Dex+4}
 35922 | Abyss:3  | Cast into level 3 of the Abyss (a deep elf sorcerer)
 35949 | Abyss:3  | Found a corrupted altar of Lugonu.
 35974 | Abyss:3  | Found a corrupted altar of Lugonu.
 35983 | Abyss:3  | Found a corrupted altar of Lugonu.
 36066 | Abyss:3  | Found a corrupted altar of Lugonu.
 36160 | Abyss:4  | Gained mutation: You are clumsy. (Dex -2) [a neqoxec]
 36313 | Elf:3    | Escaped the Abyss
 36321 | Elf:3    | Identified the +6 dagger of Watchfulness {freeze, Int+2}
 36434 | Elf:3    | Reached skill level 15 in Fighting
 36434 | Elf:3    | Reached skill level 15 in Short Blades
 36434 | Elf:3    | Reached skill level 15 in Throwing
 36574 | Elf:3    | Identified the +8 chain mail of Dishonesty {Dex+3}
 36752 | Elf:3    | Identified the ring of Qeczutuco {rElec rF- rC+ Int+3
                  | Dex+3}
 36768 | Elf:3    | Identified the ring "Louch" {Wiz Will++ Str-4 Dex+5 Stlth+}
 36774 | Elf:3    | Noticed a Brimstone Fiend
 36777 | Elf:3    | Identified the ring "Iluvitan" {rF+ Str+6}
 36784 | Elf:3    | Noticed a Brimstone Fiend
 36817 | Elf:3    | Identified the +1 pair of gloves of Hedging {rN+ Dex+3
                  | Stlth+}
 36817 | Elf:3    | Noticed Nikola
 36833 | Elf:3    | Killed Nikola
 37270 | Elf:3    | Reached XP level 21. HP: 168/168 MP: 39/39
 37487 | Elf:3    | Got the Exposition on the Flinty Traveller
 37497 | Elf:3    | Identified the +8 shortbow of Severance {freeze, Str+4}
 37663 | Elf:3    | Found the +16 obsidian axe {drain, demonic, Mesm ^Drain Fly
                  | SInv}
 37691 | Elf:3    | Identified the +8 shortbow of Division {flame, ^Fragile rF+
                  | Will+ Str+3}
 37717 | Elf:3    | Got the Parchment of the Prime Brume
 37724 | Elf:3    | Got Jekhocwy's Mind of the Magus 101
 38060 | Vaults:1 | Entered Level 1 of the Vaults
 38088 | Vaults:1 | Learned a level 4 spell: Manifold Assault
 38094 | Vaults:1 | Learned a level 5 spell: Irradiate
 38336 | Vaults:1 | Reached skill level 20 in Shields
 38341 | Vaults:1 | Reached skill level 15 in Dodging
 38483 | Vaults:1 | Reached skill level 15 in Staves
 39082 | Vaults:1 | Reached skill level 15 in Long Blades
 39082 | Vaults:1 | Reached skill level 15 in Axes
 39082 | Vaults:1 | Reached skill level 15 in Maces & Flails
 39082 | Vaults:1 | Reached skill level 15 in Polearms
 39082 | Vaults:1 | Reached skill level 15 in Ranged Weapons
 39082 | Vaults:1 | Reached skill level 15 in Armour
 39082 | Vaults:1 | Reached skill level 15 in Unarmed Combat
 39082 | Vaults:1 | Reached skill level 15 in Spellcasting
 39082 | Vaults:1 | Reached skill level 15 in Evocations
 40019 | Vaults:2 | Noticed Bai Suzhen
 40045 | Vaults:2 | Killed Bai Suzhen
 40046 | Vaults:2 | Reached XP level 22. HP: 160/177 MP: 41/41
 40169 | Vaults:2 | Found Ycerorch's Weapon Shop.
 40539 | Vaults:2 | You are sucked into a shaft and drop 1 floor!
 40542 | Vaults:3 | Found a staircase to the Crypt.
 40668 | Vaults:3 | Reached skill level 21 in Shields
 40745 | Vaults:3 | Found a magical portal.
 40764 | WizLab   | Entered Yara's Duelist Academy
 40868 | WizLab   | Noticed Bian
 40873 | WizLab   | Killed Bian the Head Instructor
 41114 | WizLab   | Got Yara's Codex of Curses
 42644 | Vaults:4 | Found Jata Lis's Armour Shoppe.
 42952 | Vaults:4 | Reached XP level 23. HP: 185/185 MP: 42/42
 43255 | Vaults:4 | Found Axtueki's Weapon Shoppe.
 43712 | Crypt:1  | Entered Level 1 of the Crypt
 43727 | Crypt:1  | Noticed Khufu
 43799 | Crypt:1  | Killed Khufu
 44074 | Crypt:1  | Learned a level 8 spell: Ignition
 44622 | Crypt:1  | Noticed Sojobo
 44630 | Crypt:1  | Killed Sojobo
 44636 | Crypt:1  | Killed the ghostly Sojobo
 44798 | Crypt:2  | Reached skill level 22 in Shields
 44798 | Crypt:2  | Reached skill level 15 in Shapeshifting
 45616 | Crypt:3  | Entered Level 3 of the Crypt
 46134 | Crypt:3  | Identified the staff of Articulation {^Fragile rElec rPois
                  | rN+ Necro Earth}
 46743 | Crypt:3  | Identified the orb of Repulsion {*channel, Int+3}
 46743 | Crypt:3  | Noticed Frederick
 46754 | Crypt:3  | Killed Frederick
 46797 | Crypt:3  | Reached XP level 24. HP: 179/195 MP: 43/43
 46894 | Crypt:3  | Found a staircase to the Tomb.
 47000 | Crypt:3  | Found an ancient bone altar of Kikubaaqudgha.
 47001 | Crypt:3  | Noticed a dread lich
 47004 | Crypt:3  | Noticed a dread lich
 47004 | Crypt:3  | Paralysed by a dread lich for 4 turns
 47014 | Crypt:3  | Noticed a dread lich
 47016 | Crypt:3  | Killed a dread lich
 47017 | Crypt:3  | Killed a dread lich
 47019 | Crypt:3  | Killed a dread lich
 48472 | Vaults:5 | Entered Level 5 of the Vaults
 48529 | Vaults:5 | Noticed a dread lich
 48531 | Vaults:5 | Identified the staff "Wuroalyff" {rElec rF- rN+ rCorr Str+3
                  | Necro}
 48540 | Vaults:5 | Killed a dread lich
 48679 | Vaults:5 | Reached skill level 23 in Shields
 48739 | Vaults:5 | Identified the +6 rapier of the Walnut {freeze, Int+3
                  | Dex+4}
 48795 | Vaults:5 | Identified the +3 flail of Vefong {vamp, Will+ Int+4}
 48822 | Vaults:5 | Noticed a dread lich
 48951 | Vaults:5 | Reached XP level 25. HP: 132/203 MP: 17/44
 48962 | Vaults:5 | Killed a dread lich
 49252 | Vaults:5 | Noticed a dread lich
 49256 | Vaults:5 | Paralysed by a dread lich for 5 turns
 49268 | Vaults:5 | Killed a dread lich
 49274 | Vaults:5 | Got a silver rune of Zot
 49426 | Vaults:5 | Identified the +3 helmet of Ronirch {*Corrode rN+ Str+2}
 49446 | Vaults:5 | Got the Opusculum on Bombardment and Fire
 49478 | Vaults:5 | Found the amulet of the Four Winds {rN+ Will+++ Clar}
 49557 | Vaults:5 | Got the Tome of Gaseous Formation
 49580 | Vaults:5 | Got the Cyclopedia of the Sunfish
 50592 | Depths:1 | Entered Level 1 of the Depths
 50808 | Depths:1 | Found a gateway to Hell.
 50809 | Depths:1 | Noticed Mara
 50812 | Depths:1 | Noticed dvd2's illusion
 50829 | Depths:1 | Killed Mara
 50954 | Depths:1 | Learned a level 2 spell: Sublimation of Blood
 51152 | Depths:1 | Found Didod's Jewellery Emporium.
 51178 | Depths:1 | Found a one-way gate leading to the halls of Pandemonium.
 51225 | Depths:1 | Reached skill level 15 in Conjurations
 51225 | Depths:1 | Reached skill level 15 in Hexes
 51225 | Depths:1 | Reached skill level 15 in Summonings
 51225 | Depths:1 | Reached skill level 15 in Necromancy
 51225 | Depths:1 | Reached skill level 15 in Translocations
 51225 | Depths:1 | Reached skill level 15 in Fire Magic
 51225 | Depths:1 | Reached skill level 15 in Ice Magic
 51225 | Depths:1 | Reached skill level 15 in Air Magic
 51225 | Depths:1 | Reached skill level 15 in Earth Magic
 51225 | Depths:1 | Reached skill level 15 in Alchemy
 51372 | Depths:1 | Found a one-way gateway to a ziggurat.
 52301 | D:1      | Bought a book of Minor Magic for 176 gold pieces
 52301 | D:1      | Bought a manual of Ice Magic for 880 gold pieces
 52305 | D:1      | Learned a level 2 spell: Blink
 52853 | Depths:1 | Got the Guide on the Frigid Missiles
 52996 | Depths:2 | Reached skill level 24 in Shields
 53440 | Depths:2 | Acquired the +0 tower shield "Gurphus" {rC+ Will+ Str+2
                  | Stlth-}
 53583 | Depths:2 | Reached XP level 26. HP: 213/213 MP: 32/44
 54001 | Depths:2 | Found Mougec's Tiny Tomes.
 54154 | Depths:3 | Found a one-way gate to the infinite horrors of the Abyss.
 54724 | Depths:3 | Noticed Vv
 54745 | Depths:3 | Killed Vv
 55057 | Depths:4 | Entered Level 4 of the Depths
 55057 | Depths:4 | Noticed Mennas
 55095 | Depths:4 | Killed Mennas
 55290 | Depths:4 | Identified the +1 plate armour "Biekewn" {^Drain rN+++
                  | Str+3}
 55375 | Depths:4 | Found an ancient bone altar of Kikubaaqudgha.
 55532 | Depths:4 | Found a gate to the Realm of Zot.
 56337 | Depths:4 | Learned a level 7 spell: Ozocubu's Refrigeration
 56549 | Zot:1    | Entered Level 1 of the Realm of Zot
 56711 | Depths:4 | Acquired 1068 gold pieces
 56930 | Zot:1    | Noticed an orb of fire
 56942 | Zot:1    | Gained mutation: Your spells are a little easier to cast,
                  | but a little less powerful. [an orb of fire]
 56948 | Zot:1    | Killed an orb of fire
 57695 | Zot:2    | Reached XP level 27. HP: 188/221 MP: 21/45
 58417 | Zot:2    | Identified the +6 halberd of Nesauc {flame, rF- rC+++ Dex+3
                  | SInv}
 58977 | Zot:3    | You are sucked into a shaft and drop 1 floor!
 60504 | Zot:5    | Entered Level 5 of the Realm of Zot
 60765 | Zot:5    | Noticed an orb of fire
 60782 | Zot:5    | Noticed a dread lich
 60788 | Zot:5    | Gained mutation: Your magical capacity is low. (-10% MP)
                  | [an orb of fire]
 60790 | Zot:5    | Noticed an orb of fire
 60793 | Zot:5    | Killed a dread lich
 60796 | Zot:5    | Killed an orb of fire
 60818 | Zot:5    | Gained mutation: Armour fits poorly on your strangely
                  | shaped body. [an orb of fire]
 60827 | Zot:5    | Gained mutation: You are very clumsy. (Dex -4) [an orb of
                  | fire]
 60831 | Zot:5    | Killed an orb of fire
 61151 | Zot:4    | Lost mutation: You are very clumsy. (Dex -4) [potion of
                  | mutation]
 61151 | Zot:4    | Lost mutation: You are clumsy. (Dex -2) [potion of
                  | mutation]
 61151 | Zot:4    | Lost mutation: Your spells are a little easier to cast, but
                  | a little less powerful. [potion of mutation]
 61441 | Zot:5    | Noticed an ancient lich
 61456 | Zot:5    | Killed an ancient lich
 61457 | Zot:5    | Reached skill level 25 in Shields
 61569 | Zot:5    | Noticed an orb of fire
 61570 | Zot:5    | Noticed an orb of fire
 61573 | Zot:5    | Gained mutation: Your body sometimes deteriorates upon
                  | taking damage. [an orb of fire]
 61579 | Zot:5    | Gained mutation: You are clumsy. (Dex -2) [an orb of fire]
 61584 | Zot:5    | Gained mutation: You are frail. (-10% HP) [an orb of fire]
 61587 | Zot:5    | Gained mutation: You are dopey. (Int -2) [an orb of fire]
 61592 | Zot:5    | Killed an orb of fire
 61601 | Zot:5    | Gained mutation: You are occasionally teleported next to
                  | monsters. [an orb of fire]
 61603 | Zot:5    | Killed an orb of fire
 61623 | Zot:5    | Lost mutation: You are occasionally teleported next to
                  | monsters. [potion of mutation]
 61623 | Zot:5    | Lost mutation: Your body sometimes deteriorates upon taking
                  | damage. [potion of mutation]
 61623 | Zot:5    | Gained mutation: Your magical capacity is very low. (-20%
                  | MP) [potion of mutation]
 61623 | Zot:5    | Lost mutation: You are frail. (-10% HP) [potion of
                  | mutation]
 61623 | Zot:5    | Gained mutation: Your muscles are strong. (Str +4, Int/Dex
                  | -1) [potion of mutation]
 61917 | Zot:5    | Got the Orb of Zot
 62393 | D:11     | Lost mutation: Your muscles are strong. (Str +4, Int/Dex
                  | -1) [potion of mutation]
 62393 | D:11     | Lost mutation: Armour fits poorly on your strangely shaped
                  | body. [potion of mutation]
 62393 | D:11     | Gained mutation: You possess an exceptional clarity of
                  | mind. [potion of mutation]
 62666 | D:$      | Escaped with the Orb!

Illustrated notes

Levels and vault maps discovered:
D:1:      psy_arrival_terrarium, layout_rooms, nicolae_ecumenical_lake_church,
          serial_shops, nicolae_shop_window_shopping, shop_statue,
          nicolae_square_shop
D:2:      layout_basic, serial_bayou_pond_e, minmay_heptomino_d4
D:3:      layout_loops_ring, amcnicky_altar_gilded, lemuel_doored_altar,
          okawaru_gym_becter, nicolae_ashenzari_skybound,
          uniq_crazy_yiuf_cottage
D:4:      layout_loops_ring, mainiacjoe_overflow_catwalk,
          minmay_temple_entry_slanted, grunt_ministairs_6
D:5:      layout_rooms, zin_statuary, grunt_decor_junction, minmay_manual_moon,
          uniq_menkaure
D:6:      layout_basic, mainiacjoe_overflow_cross_hatched,
          lightli_temple_of_fire, nzn_wu_jian_contemplation, uniq_pikel
D:7:      layout_basic, nicolae_tso_swordbearing_angel,
          nicolae_ossuary_entry_monument, uniq_maggie
D:8:      minmay_diamond_stairs, layout_cave_pools,
          nicolae_dithmenos_shadow_blocks, serial_shops,
          nicolae_shop_pleasant_corner_grove, gammafunk_ghost_hive, uniq_erica
D:9:      layout_rooms, nicolae_ru_path_of_blood, hellmonk_lair_entry_icy,
          enter_bailey_3, serial_glass, glass_columns_a, glass_columns_c,
          kennysheep_big_empty_room, uniq_grum
D:10:     layout_cave_pools, nicolae_overflow_hidden_temple, old_standard_altar,
          hiddenorc1_lemuel, kennysheep_small_spiral, mrwooster_statue_mirror,
          uniq_joseph
D:11:     layout_basic
D:12:     layout_small_grid, uniq_azrael, uniq_erolcha
D:13:     minmay_box_of_statues, layout_small_grid,
          nicolae_elevator_lobby_asterisk, uniq_kirke, uniq_urug
D:14:     layout_roguey, david_vaults_2, lemuel_tele_altar,
          biasface_ghost_orc_armoury
D:15:     hangedman_depths_entry_civil_slaughter, layout_loops_ring,
          minmay_curled_crystal, chequers_mini_garden
Temple:   hellmonk_temple_two_chambers
Lair:1:   layout_small_grid, uniq_gastronok
Lair:2:   layout_chaotic_city, nicolae_snake_entry_warm_welcome,
          infiniplex_staircase_pool
Lair:3:   layout_loops_ring, nicolae_shoals_entry_roost, evilmike_ambush
          [evilmike_ambush_outer_corners, evilmike_ambush_inner_basic],
          grunt_megastairs_3
Lair:4:   minmay_lair_oklob_chamber, layout_hall_layers, grunt_megastairs_5,
          uniq_sonja
Lair:5:   minmay_lair_end_frog_pond, layout_loops_ring, slime_entry_1,
          evilmike_ambush [evilmike_ambush_outer_basic,
          evilmike_ambush_inner_basic]
Shoals:1: layout_shoals
Shoals:2: cheibrodos_shoals_gigantism, layout_shoals, serial_shops,
          nicolae_shop_tiny_statue_garden, uniq_louise
Shoals:3: layout_shoals, nicolae_shoals_stone_sculpture_thing
Shoals:4: shoals_end_hellmonk_holy_island
Snake:1:  layout_gridlike
Snake:2:  layout_grid_maze, grunt_ministairs_12,
          serial_library_hellmonk_double_dead_end,
          nicolae_snake_gridmaze_squiggle, uniq_vashnia
Snake:3:  layout_basic, nicolae_snake_biting_tails, uniq_donald
Snake:4:  grunt_snake_rune_spirals, layout_onion_interference, serial_shops,
          shop, special_room, minmay_shop_mass
Orc:1:    layout_diamond_mine
Orc:2:    st_orc_town, layout_diamond_mine, serial_shops, shop, bloody_makhleb
Elf:1:    eino_elf_arrival_shootout, layout_geoelf_diagonals, serial_shops,
          shop, minivault_28, drop_trap, minmay_shop_star
Elf:2:    nicolae_elf_blades_crystal_corner, layout_geoelf_octagon,
          serial_shops, shop, orc_legates
Elf:3:    grunt_elf_hall_diamonds, layout_geoelf_diagonals, nicolae_letterblocks
          [nicolae_letter_subblock, nicolae_letter_subblock,
          nicolae_letter_subblock, nicolae_letter_subblock,
          nicolae_letter_subblock, nicolae_letter_subblock,
          nicolae_letter_subblock, nicolae_letter_subblock,
          nicolae_letter_subblock, nicolae_letter_subblock,
          nicolae_letter_subblock, nicolae_letter_subblock,
          nicolae_letter_subblock, nicolae_letter_subblock,
          nicolae_letter_subblock, nicolae_letter_subblock,
          nicolae_letter_subblock, nicolae_letter_subblock,
          nicolae_letter_subblock, nicolae_letter_subblock,
          nicolae_letter_subblock, nicolae_letter_subblock,
          nicolae_letter_subblock, nicolae_letter_subblock,
          nicolae_letter_subblock], uniq_nikola
Vaults:1: ontoclasm_vaults_eye, nicolae_vaults_mini_display_case,
          vaults_mumra_minichess, vaults_room_semicircle,
          vaults_mumra_minichess_inversion, v_misc_23, v_misc_16,
          vaults_dpeg_diagonal, vaults_mumra_hex, layout_vaults_omnigrid
Vaults:2: hangedman_vaults_snaps, hangedman_vaults_slice,
          dpeg_vaults_monster_box, hangedman_vaults_stretched_pinwheel,
          hangedman_vaults_maws, nicolae_vaults_tetromino_L_1, v_pattern_4,
          v_misc_33, nicolae_vaults_angled_halls, vaults_mumra_chevron,
          nicolae_vaults_double_plus_3, vaults_dpeg_ring,
          vaults_dpeg_emergency_exit, serial_library_hellmonk_big_corner,
          layout_vaults_ring, serial_shops, nicolae_shop_hallway_plus,
          uniq_bai_suzhen
Vaults:3: mu_enter_wizlab_5, nicolae_vaults_hexular_roomagon,
          nicolae_vaults_little_squares_5, blue_anna_dwarven_crypt,
          nicolae_vaults_weapon_check, nicolae_vaults_storage_room_statues,
          vaults_room_large_hall, nicolae_vaults_network_star,
          nicolae_vaults_octothorpe, v_misc_12, hangedman_vaults_impose,
          hangedman_vaults_cutoff, ontoclasm_vaults_chip,
          layout_vaults_omnicross, uniq_boris
Vaults:4: nicolae_vaults_offset_grid_hallway_1,
          nicolae_vaults_security_offices_3, v_misc_8, v_misc_18, v_misc_24,
          v_misc_26, v_alt_pattern_1, nicolae_vaults_trapezoid_lopsided_3,
          nicolae_vaults_taking_the_gang_shopping, v_misc_8,
          layout_vaults_chaotic_city, serial_shops, shop
Vaults:5: serial_shops
Crypt:1:  layout_rooms, uniq_khufu, uniq_sojobo
Crypt:2:  layout_misc_corridors, uniq_margery
Crypt:3:  quadcrypt_mu, uniq_frederick
Depths:1: cheibrodos_salmonella, layout_gridlike, enter_ziggurat_e,
          serial_shops, nicolae_shop_temple_entry_statues_fountains,
          pf_vacation_house_of_asmodeus, pan_entry, amcnicky_mini_pool_medium,
          uniq_mara
Depths:2: minmay_the_grid_four_pointed_star_mashed
          [minmay_the_grid_triangle_9x9_alien,
          minmay_the_grid_triangle_9x9_empty,
          minmay_the_grid_triangle_9x9_longest,
          minmay_the_grid_triangle_9x9_dagger,
          minmay_the_grid_prize_four_corners], layout_gridville, pan_entry,
          hell_entry, hangedman_decor_riveting,
          nicolae_shop_i_like_small_books_too
Depths:3: nicolae_BIG_FREAKIN_CUBE, layout_honeycomb,
          hangedman_abyss_or_decor_slice, hell_entry, abyss_entry_crystal,
          uniq_vv
Depths:4: grunt_zot_entry_bicorn, layout_gridlike, serial_sigils,
          serial_sigils_hangedman_scratch, serial_sigils_hangedman_gut,
          serial_sigils_hangedman_shear, serial_sigils_hangedman_writhe,
          hell_entry, nicolae_kikubaaqudgha_miasma_corner, uniq_mennas
Zot:1:    layout_misc_corridors
Zot:2:    layout_basic, kennysheep_underground_church,
          regret_index_zotdec_twisting_globes, uniq_grunn
Zot:3:    layout_concentric_octagons, grunt_ministairs_14
Zot:4:    layout_cellular_growth, regret_index_zotdec_banners
Zot:5:    layout_concentric_octagons

Skill      XL: |  1  2  3  4  5  6  7  8  9 10 11 12 13 14 15 16 17 18 19 20 21 22 23 24 25 26 27 |
---------------+----------------------------------------------------------------------------------+-----
Invocations    | 1 2 3 4 5 6 7 8 9 10 11 12 13 14 15 16 17 18 19 20 21 | 21.0
Long Blades    | 1 2 3 4 5 6 7 8 9 10 11 12 13 14 15 16 17 18 19 | 19.5
Axes           | 1 2 3 4 5 6 7 8 9 10 11 12 13 14 15 16 17 18 19 | 19.5
Maces & Flails | 1 2 3 4 5 6 7 8 9 10 11 12 13 14 15 16 17 18 19 | 19.5
Polearms       | 1 2 3 4 5 6 7 8 9 10 11 12 13 14 15 16 17 18 19 | 19.5
Staves         | 1 2 3 4 5 6 7 8 9 10 11 12 13 14 15 17 18 19 20 21 23 | 23.0
Ranged Weapons | 1 2 3 4 5 6 7 8 9 10 11 12 13 14 15 16 17 18 19 | 19.5
Armour         | 1 2 3 4 5 6 7 8 9 10 11 12 13 14 15 16 17 18 19 | 19.5
Shields        | 1 2 3 5 6 8 9 11 12 13 14 15 16 17 18 19 20 21 22 23 24 25 | 25.2
Unarmed Combat | 1 2 3 4 5 6 7 8 9 10 11 12 13 14 15 16 17 18 19 | 19.5
Spellcasting   | 1 2 3 4 5 6 7 8 9 10 11 12 13 14 15 16 17 18 19 | 19.5
Evocations     | 1 2 3 4 5 6 7 8 9 10 11 12 13 14 15 16 17 18 19 | 19.5
Shapeshifting  | 1 2 3 4 5 6 7 8 9 10 11 12 13 14 15 16 17 18 | 18.0
Conjurations   | 1 2 3 4 5 6 7 8 9 10 11 12 13 14 15 17 | 17.4
Hexes          | 1 2 3 4 5 6 7 8 9 10 11 12 13 14 15 16 | 16.6
Summonings     | 1 2 3 4 5 6 7 8 9 10 11 12 13 14 15 16 | 16.6
Necromancy     | 1 2 3 4 5 6 7 8 9 10 11 12 13 14 15 16 | 16.6
Translocations | 1 2 3 4 5 6 7 8 9 10 11 12 13 14 15 16 | 16.6
Fire Magic     | 1 2 3 4 5 6 7 8 9 10 11 12 13 14 15 16 | 16.6
Ice Magic      | 1 2 3 4 5 6 7 8 9 10 11 12 13 14 15 16 18 | 18.0
Air Magic      | 1 2 3 4 5 6 7 8 9 10 11 12 13 14 15 16 | 16.6
Earth Magic    | 1 2 3 4 5 6 7 8 9 10 11 12 13 14 15 16 | 16.6
Alchemy        | 1 2 3 4 5 6 7 8 9 10 11 12 13 14 15 16 | 16.6
Dodging        | 3 4 5 6 7 8 9 10 11 12 13 14 15 16 17 18 19 | 19.6
Stealth        | 8 9 10 11 12 13 14 15 16 17 18 19 20 21 22 24 | 24.0
Fighting       | 5 6 7 8 9 10 11 12 13 14 15 16 17 18 19 | 19.9
Short Blades   | 5 6 7 8 9 10 11 12 13 14 15 16 17 18 19 | 19.9
Throwing       | 5 6 7 8 9 10 11 12 13 14 15 16 17 18 19 | 19.9

Action                     |  1- 3 |  4- 6 |  7- 9 | 10-12 | 13-15 | 16-18 | 19-21 | 22-24 | 25-27 || total
---------------------------+-------+-------+-------+-------+-------+-------+-------+-------+-------++-------
  Melee: Dagger            |    80 |   216 |   123 |     8 |       |       |       |       |       ||   427
         Bite              |     5 |    26 |    30 |    38 |    56 |    90 |   142 |   162 |   355 ||   904
         Punch             |     1 |     2 |     6 |       |       |       |       |       |       ||     9
         Morningstar       |       |       |    70 |   258 |   337 |   255 |   748 |  1053 |  1428 ||  4149
         Battleaxe         |       |       |       |       |     9 |   274 |       |       |       ||   283
         War axe           |       |       |       |       |       |       |       |     2 |       ||     2
         Broad axe         |       |       |       |       |       |       |       |     2 |    30 ||    32
  Throw: Dart              |    28 |    44 |    25 |    15 |    10 |     4 |       |       |       ||   126
         Stone             |       |       |    26 |    24 |       |       |       |       |       ||    50
         Boomerang         |       |       |    19 |    12 |    10 |    57 |    40 |     5 |    80 ||   223
         Javelin           |       |       |       |       |       |       |       |     2 |    27 ||    29
   Cast: Shock             |     1 |    43 |    14 |     4 |       |       |       |       |       ||    62
         Foxfire           |       |    10 |    78 |    78 |    16 |     3 |       |       |       ||   185
         Jinxbite          |       |       |     2 |     7 |       |     1 |       |       |       ||    10
         Airstrike         |       |       |       |    18 |    80 |    79 |    45 |     3 |    13 ||   238
         Tukima's Dance    |       |       |       |     6 |     2 |    32 |     8 |     1 |       ||    49
         Arcjolt           |       |       |       |    35 |    85 |   105 |    88 |   100 |    81 ||   494
         Olgreb's Toxic Ra |       |       |       |    10 |    66 |    43 |    48 |    13 |    30 ||   210
         Vhi's Electric Ch |       |       |       |     2 |    15 |    64 |    89 |    78 |    64 ||   312
         Yara's Violent Un |       |       |       |       |       |    43 |    49 |    56 |    39 ||   187
         Dispersal         |       |       |       |       |       |     4 |     3 |     5 |     6 ||    18
         Apportation       |       |       |       |       |       |     1 |       |       |    14 ||    15
         Ignite Poison     |       |       |       |       |       |       |    40 |    15 |    14 ||    69
         Irradiate         |       |       |       |       |       |       |     3 |    18 |    33 ||    54
         Manifold Assault  |       |       |       |       |       |       |     2 |    70 |    33 ||   105
         Ignition          |       |       |       |       |       |       |       |     4 |       ||     4
         Sublimation of Bl |       |       |       |       |       |       |       |       |    33 ||    33
         Blink             |       |       |       |       |       |       |       |       |     1 ||     1
         Ozocubu's Refrige |       |       |       |       |       |       |       |       |    10 ||    10
 Invoke: Bend Time         |       |       |       |     1 |       |       |       |       |       ||     1
         Step From Time    |       |       |       |       |       |     1 |       |       |       ||     1
         Slouch            |       |       |       |       |       |       |     2 |     2 |     2 ||     6
  Evoke: Wand              |       |       |       |     1 |     1 |       |     1 |     2 |     1 ||     6
         Phial of floods   |       |       |       |       |       |     1 |       |       |       ||     1
         Lightning rod     |       |       |       |       |       |       |       |       |     3 ||     3
    Use: Scroll            |       |     6 |     3 |    10 |     5 |    22 |     4 |    10 |    13 ||    73
         Potion            |       |       |       |     1 |       |     2 |       |     3 |     8 ||    14
   Stab: Sleeping          |     7 |     9 |     6 |    16 |     5 |     7 |    10 |     9 |     6 ||    75
         Distracted        |       |       |       |     1 |       |       |     2 |     2 |     2 ||     7
         Petrified         |       |       |       |       |     5 |       |       |       |       ||     5
 Armour: Robe              |    10 |    78 |    45 |       |       |       |       |       |       ||   133
         Steam dragon scal |       |       |    26 |    92 |       |       |       |       |       ||   118
         Scale mail        |       |       |       |    32 |   203 |   175 |       |       |       ||   410
         Leather armour    |       |       |       |       |       |    69 |    75 |   238 |     2 ||   384
         Chain mail        |       |       |       |       |       |    95 |   212 |       |       ||   307
         Gold dragon scale |       |       |       |       |       |       |       |       |   680 ||   680
  Dodge: Dodged            |    57 |   141 |   163 |   195 |   398 |   665 |   366 |   533 |   931 ||  3449
  Block: Buckler           |       |       |    10 |   114 |   252 |       |       |       |       ||   376
         Kite shield       |       |       |       |       |       |   381 |   827 |  1024 |  1808 ||  4040
         Reflection        |       |       |       |       |       |    31 |    61 |    54 |    44 ||   190
